SL
TOLEDO STINGERS @ ROCKY MOUNTAIN NUGGETS
08/09/2031
 
TOP OF THE 1ST
Toledo Stingers batting - Pitching for Rocky Mountain Nuggets : RHP Omar Casteneda
Pitching: RHP Omar Casteneda
Batting: SHB Eugene Clutch 0-0: Ball
1-0: Called Strike
1-1: Fly out, F7 (Flyball, 78S)
Batting: RHB Héctor Rivera 0-0: Ball
1-0: Ball
2-0: Ball
3-0: Base on Balls
Batting: RHB Armando Alvarado 0-0: Called Strike
0-1: SINGLE (Flyball, 9LM)
Héctor Rivera to second
Runner from 2nd tries for 3rd, SAFE, no throw
Batting: RHB Alfredo Martínez 0-0: Ball
1-0: Fly out, F8 (Flyball, 8LM)
Runner from 3rd tags up, SCORES, throw made
Batting: LHB Tural Bishara 0-0: Ball
Passed Ball!
Armando Alvarado to second
1-0: Ball
2-0: Ball
3-0: Called Strike
3-1: Base on Balls
Batting: RHB Tamasaburo Kato 0-0: Ball
1-0: Ball
2-0: Called Strike
2-1: Foul Ball, location: 2F
2-2: Ball
Wild Pitch!
Armando Alvarado to third
Tural Bishara to second
3-2: Base on Balls
Batting: LHB Rafael Sánchez 0-0: Ball
1-0: Ball
2-0: Ball
3-0: Called Strike
3-1: DOUBLE (Line Drive, 9LM)
Armando Alvarado scores
Tural Bishara scores
Tamasaburo Kato to third
Pinch Runner at 2nd Mike Burns:
Batting: LHB Ned Durand 0-0: Ball
1-0: Called Strike
1-1: Fly out, F3 (Line Drive, 3)
Top of the 1st over - 3 runs, 2 hits, 0 errors, 2 left on base; Toledo 3 - Rocky Mountain 0
BOTTOM OF THE 1ST
Rocky Mountain Nuggets batting - Pitching for Toledo Stingers : RHP Rob Silva
Pitching: RHP Rob Silva
Batting: RHB Ed Adams 0-0: Swinging Strike
0-1: Ground out 6-3 (Groundball, 6)
Batting: RHB Wes Shannon 0-0: Swinging Strike
0-1: Ball
1-1: Swinging Strike
1-2: Strikes out swinging
Batting: LHB Willis Baker 0-0: Ground out 6-3 (Groundball, 6)
Bottom of the 1st over - 0 runs, 0 hits, 0 errors, 0 left on base; Toledo 3 - Rocky Mountain 0
TOP OF THE 2ND
Toledo Stingers batting - Pitching for Rocky Mountain Nuggets : RHP Omar Casteneda
Batting: SHB Tsing Guao 0-0: Called Strike
0-1: Ball
1-1: Ball
2-1: Foul Ball, location: 2F
2-2: Strikes out swinging
Batting: SHB Eugene Clutch 0-0: Ball
1-0: Swinging Strike
1-1: Ball
2-1: Fly out, F8 (Flyball, 8LD)
Batting: RHB Héctor Rivera 0-0: Ball
1-0: Ground out 5-3 (Groundball, 5)
Top of the 2nd over - 0 runs, 0 hits, 0 errors, 0 left on base; Toledo 3 - Rocky Mountain 0
BOTTOM OF THE 2ND
Rocky Mountain Nuggets batting - Pitching for Toledo Stingers : RHP Rob Silva
Batting: RHB Paco Muñóz 0-0: Ball
1-0: Ball
2-0: Ball
3-0: Base on Balls
Batting: LHB Dong-jin Kim 0-0: Ball
1-0: SINGLE (Groundball, 4MD)
Paco Muñóz to second
Batting: LHB Sisto Pagnamenta 0-0: Foul Ball, location: 2F
0-1: Called Strike
0-2: Foul Ball, location: 2F
0-2: Ball
1-2: Foul Ball, location: 2F
1-2: Ball
2-2: Ball
3-2: SINGLE (Groundball, 56) (infield hit)
Paco Muñóz to third
Dong-jin Kim to second
Batting: RHB David McJannett 0-0: Ball
1-0: Ball
2-0: Fly out, F7 (Line Drive, 7LD)
Runner from 3rd tags up, SCORES, no throw
Batting: RHB Tony Hernández 0-0: Ball
1-0: Ball
2-0: Fielders Choice at 2nd, 6-4 (Groundball, 6)
Dong-jin Kim to third
Batting: RHB Matt Sheppard 0-0: Ball
1-0: Ball
2-0: Foul Ball, location: 2F
2-1: Foul Ball, location: 2F
2-2: Ball
3-2: Foul Ball, location: 2F
3-2: Base on Balls
Tony Hernández to second
Batting: RHB Ed Adams 0-0: Foul Ball, location: 2F
0-1: Ball
1-1: Ground out 4-3 (Groundball, 4)
Bottom of the 2nd over - 1 run, 2 hits, 0 errors, 3 left on base; Toledo 3 - Rocky Mountain 1
TOP OF THE 3RD
Toledo Stingers batting - Pitching for Rocky Mountain Nuggets : RHP Omar Casteneda
Batting: RHB Armando Alvarado 0-0: Swinging Strike
0-1: Ball
1-1: SINGLE (Line Drive, 34)
Batting: RHB Alfredo Martínez 0-0: SINGLE (Line Drive, 89S)
Armando Alvarado to second
Batting: LHB Tural Bishara 0-0: Ball
1-0: Foul Ball, location: 2F
1-1: Swinging Strike
1-2: SINGLE (Flyball, 7S)
Armando Alvarado to third
Alfredo Martínez to second
Runner from 3rd tries for Home, SAFE, no throw
Batting: RHB Tamasaburo Kato 0-0: Called Strike
Alfredo Martínez steals 3rd base
Tural Bishara to second
0-1: Ball
1-1: SINGLE (Line Drive, 4MD)
Alfredo Martínez scores
Tural Bishara to third
Runner from 3rd tries for Home, SAFE, no throw
Batting: RHB Mike Burns 0-0: Ball
1-0: Called Strike
1-1: Ball
2-1: Ball
3-1: Fielders Choice at 2nd, 5-4 (Groundball, 56)
Batting: LHB Ned Durand 0-0: Ball
1-0: Ground out U3 (Groundball, 3)
Mike Burns to second
Batting: SHB Tsing Guao 0-0: Called Strike
0-1: Ground out 4-3 (Groundball, 4)
Top of the 3rd over - 3 runs, 4 hits, 0 errors, 1 left on base; Toledo 6 - Rocky Mountain 1
BOTTOM OF THE 3RD
Rocky Mountain Nuggets batting - Pitching for Toledo Stingers : RHP Rob Silva
Batting: RHB Wes Shannon 0-0: Ground out 6-3 (Groundball, 6)
Batting: LHB Willis Baker 0-0: Ball
1-0: Ball
2-0: Ball
3-0: Called Strike
3-1: Called Strike
3-2: Fly out, F8 (Flyball, 78XD)
Batting: RHB Paco Muñóz 0-0: Called Strike
0-1: Ball
1-1: Foul Ball, location: 2F
1-2: Fly out, F7 (Flyball, 7S)
Bottom of the 3rd over - 0 runs, 0 hits, 0 errors, 0 left on base; Toledo 6 - Rocky Mountain 1
TOP OF THE 4TH
Toledo Stingers batting - Pitching for Rocky Mountain Nuggets : RHP Omar Casteneda
Batting: SHB Eugene Clutch 0-0: Ball
1-0: SINGLE (Groundball, 4) (infield hit)
Batting: RHB Héctor Rivera 0-0: Called Strike
0-1: Ball
1-1: SINGLE (Groundball, 6D)
Eugene Clutch to second
Batting: RHB Armando Alvarado 0-0: Foul Ball, location: 2F
0-1: Fly out, F8 (Flyball, 8RD)
Runner from 2nd tags up, SAFE at 3rd with throw
Batting: RHB Alfredo Martínez 0-0: Ball
1-0: Called Strike
1-1: Swinging Strike
1-2: Ball
2-2: Strikes out swinging
Batting: LHB Tural Bishara 0-0: Called Strike
0-1: Ball
1-1: SINGLE (Groundball, 3S) (infield hit)
Eugene Clutch scores
Héctor Rivera to second
Batting: RHB Tamasaburo Kato 0-0: Ball
1-0: Swinging Strike
1-1: Called Strike
1-2: Ball
Wild Pitch!
Héctor Rivera to third
Tural Bishara to second
2-2: Foul Ball, location: 2F
2-2: Foul Ball, location: 2F
2-2: Ball
3-2: Base on Balls
Batting: RHB Mike Burns 0-0: Ball
1-0: Ball
2-0: Called Strike
2-1: Ball
3-1: Fly out, F7 (Flyball, 7)
Top of the 4th over - 1 run, 3 hits, 0 errors, 3 left on base; Toledo 7 - Rocky Mountain 1
BOTTOM OF THE 4TH
Rocky Mountain Nuggets batting - Pitching for Toledo Stingers : RHP Rob Silva
Batting: LHB Dong-jin Kim 0-0: Ball
1-0: Called Strike
1-1: Swinging Strike
1-2: Strikes out swinging
Batting: LHB Sisto Pagnamenta 0-0: Ball
1-0: Foul Ball, location: 2F
1-1: Called Strike
1-2: Ground out 4-3 (Groundball, 4M)
Batting: RHB David McJannett 0-0: Ball
1-0: Ball
2-0: Ground out 6-3 (Groundball, 6)
Bottom of the 4th over - 0 runs, 0 hits, 0 errors, 0 left on base; Toledo 7 - Rocky Mountain 1
TOP OF THE 5TH
Toledo Stingers batting - Pitching for Rocky Mountain Nuggets : RHP Omar Casteneda
Batting: LHB Ned Durand 0-0: Ball
1-0: DOUBLE (Line Drive, 8LXD)
Batting: SHB Tsing Guao 0-0: Ball
1-0: Foul Ball, location: 2F
1-1: Ball
2-1: Ball
3-1: Swinging Strike
3-2: SINGLE (Groundball, 34D)
Ned Durand to third
Runner from 3rd tries for Home, SAFE, no throw
Batting: SHB Eugene Clutch 0-0: Foul Ball, location: 2F
0-1: SINGLE (Groundball, 6) (infield hit)
Tsing Guao to second
Batting: RHB Héctor Rivera 0-0: Fly out, F8 (Flyball, 78D)
Pitching: RHP Will Moore
Batting: RHB Armando Alvarado 0-0: Called Strike
0-1: Ball
1-1: Swinging Strike
1-2: Foul Ball, location: 2F
1-2: Foul Ball, location: 2F
1-2: Ball
2-2: Foul Ball, location: 2F
2-2: Foul Ball, location: 2F
2-2: Ball
3-2: Foul Ball, location: 2F
3-2: Strikes out swinging
Batting: RHB Alfredo Martínez 0-0: Ball
1-0: SINGLE (Line Drive, 89S)
Tsing Guao to third
Eugene Clutch to second
Runner from 3rd tries for Home, SAFE, no throw
Batting: LHB Tural Bishara 0-0: Fly out, F9 (Flyball, 9S)
Top of the 5th over - 2 runs, 4 hits, 0 errors, 2 left on base; Toledo 9 - Rocky Mountain 1
BOTTOM OF THE 5TH
Rocky Mountain Nuggets batting - Pitching for Toledo Stingers : RHP Rob Silva
Batting: RHB Tony Hernández 0-0: Fly out, F8 (Line Drive, 8LM)
Batting: RHB Matt Sheppard 0-0: Called Strike
0-1: Ball
1-1: Ball
2-1: Ball
3-1: Called Strike
3-2: Foul Ball, location: 2F
3-2: Strikes out swinging
Batting: RHB Ed Adams 0-0: Called Strike
0-1: Foul Ball, location: 2F
0-2: Foul Ball, location: 2F
0-2: Foul Ball, location: 2F
0-2: Foul Ball, location: 2F
0-2: Ball
1-2: SINGLE (Line Drive, 6D)
Batting: RHB Wes Shannon Pickoff Throw to First - Error! E1
Ed Adams to second
0-0: Ball
1-0: Ground out 4-3 (Groundball, 4)
Bottom of the 5th over - 0 runs, 1 hit, 1 error, 1 left on base; Toledo 9 - Rocky Mountain 1
TOP OF THE 6TH
Toledo Stingers batting - Pitching for Rocky Mountain Nuggets : RHP Will Moore
Batting: RHB Tamasaburo Kato 0-0: Ball
1-0: Called Strike
1-1: Foul Ball, location: 2F
1-2: Ball
2-2: Ball
3-2: Foul Ball, location: 2F
3-2: Foul Ball, location: 2F
3-2: Foul Ball, location: 2F
3-2: SINGLE (Groundball, 56D)
Batting: RHB Mike Burns 0-0: Ball
1-0: Called Strike
1-1: Ball
2-1: Ball
3-1: Foul Ball, location: 2F
3-2: Strikes out swinging
Batting: LHB Ned Durand 0-0: Ball
1-0: SINGLE (Groundball, 4S) (infield hit)
Tamasaburo Kato to second
Batting: SHB Tsing Guao 0-0: Foul Ball, location: 2F
0-1: Foul Ball, location: 2F
0-2: Foul Ball, location: 2F
0-2: Ball
1-2: DOUBLE (Flyball, 9LD)
Tamasaburo Kato scores
Ned Durand to third
Runner from 3rd tries for Home, SAFE, no throw
Batting: SHB Eugene Clutch 0-0: Called Strike
0-1: Foul Ball, location: 2F
0-2: Ball
1-2: SINGLE (Groundball, 6MD)
Tsing Guao to third
Runner from 3rd tries for Home, SAFE, no throw
Batting: RHB Héctor Rivera 0-0: Called Strike
0-1: Ball
1-1: Called Strike
1-2: Foul Ball, location: 2F
1-2: Ball
2-2: Grounds into double play, 6-4-3 (Groundball, 6M)
Top of the 6th over - 3 runs, 4 hits, 0 errors, 0 left on base; Toledo 12 - Rocky Mountain 1
BOTTOM OF THE 6TH
Rocky Mountain Nuggets batting - Pitching for Toledo Stingers : RHP Rob Silva
Batting: LHB Willis Baker 0-0: Foul Ball, location: 2F
0-1: Ball
1-1: Ball
2-1: Ground out U3 (Groundball, 3)
Batting: RHB Paco Muñóz 0-0: Foul Ball, location: 2F
0-1: Foul Ball, location: 2F
0-2: Fly out, F9 (Flyball, 9D)
Batting: LHB Dong-jin Kim 0-0: Ball
1-0: Ball
2-0: Foul Ball, location: 2F
2-1: Foul Ball, location: 2F
2-2: Fly out, F8 (Line Drive, 8RXD)
Bottom of the 6th over - 0 runs, 0 hits, 0 errors, 0 left on base; Toledo 12 - Rocky Mountain 1
TOP OF THE 7TH
Toledo Stingers batting - Pitching for Rocky Mountain Nuggets : RHP Will Moore
Batting: RHB Armando Alvarado 0-0: Ball
1-0: Foul Ball, location: 2F
1-1: Foul Ball, location: 2F
1-2: SINGLE (Groundball, 6MD)
Pitching: RHP Jim Sison
Batting: RHB Alfredo Martínez Pickoff Throw to First - Error! E1
Armando Alvarado to second
0-0: Ball
1-0: Ball
2-0: Ball
3-0: Hit by Pitch
Batting: LHB Tural Bishara 0-0: Foul Ball, location: 2F
0-1: 3-RUN HOME RUN (Flyball, 7D), Distance : 378 ft
Batting: RHB Tamasaburo Kato 0-0: Ball
1-0: Called Strike
1-1: Ball
2-1: Ball
3-1: Foul Ball, location: 2F
3-2: Strikes out swinging
Batting: RHB Mike Burns 0-0: Ball
1-0: Ball
2-0: Called Strike
2-1: Ball
3-1: Base on Balls
Batting: LHB Ned Durand 0-0: Called Strike
Mike Burns steals 2nd base
0-1: Swinging Strike
0-2: Ball
1-2: Ground out 4-3 (Groundball, 4)
Mike Burns to third
Batting: SHB Tsing Guao 0-0: Ball
1-0: Foul Ball, location: 2F
1-1: Fly out, F7 (Line Drive, 7S)
Top of the 7th over - 3 runs, 2 hits, 1 error, 1 left on base; Toledo 15 - Rocky Mountain 1
BOTTOM OF THE 7TH
Rocky Mountain Nuggets batting - Pitching for Toledo Stingers : RHP Rob Silva
Batting: LHB Sisto Pagnamenta 0-0: Ball
1-0: Fly out, F2 (Popup, 2L)
Batting: RHB David McJannett 0-0: Called Strike
0-1: Ball
1-1: Foul Ball, location: 2F
1-2: SOLO HOME RUN (Flyball, 7D), Distance : 381 ft
Batting: RHB Tony Hernández 0-0: Ground out 4-3 (Groundball, 4)
Batting: RHB Matt Sheppard 0-0: Ball
1-0: Foul Ball, location: 2F
1-1: Fly out, F8 (Flyball, 8LM)
Bottom of the 7th over - 1 run, 1 hit, 0 errors, 0 left on base; Toledo 15 - Rocky Mountain 2
TOP OF THE 8TH
Toledo Stingers batting - Pitching for Rocky Mountain Nuggets : RHP Jim Sison
Batting: SHB Eugene Clutch 0-0: Called Strike
0-1: Foul Ball, location: 2F
0-2: Ball
1-2: Foul Ball, location: 2F
1-2: Ball
2-2: Foul Ball, location: 2F
2-2: Fly out, F7 (Line Drive, 7D)
Batting: RHB Héctor Rivera 0-0: Called Strike
0-1: Foul Ball, location: 2F
0-2: DOUBLE (Line Drive, 8LXD)
Batting: RHB Armando Alvarado 0-0: Ball
1-0: Foul Ball, location: 2F
1-1: Ball
2-1: Ball
3-1: Base on Balls
Batting: RHB Alfredo Martínez 0-0: Fly out, F8 (Flyball, 8LXD)
Runner from 2nd tags up, SAFE at 3rd, no throw
Batting: LHB Tural Bishara 0-0: Called Strike
0-1: SINGLE (Line Drive, 34D)
Héctor Rivera scores
Armando Alvarado to second
Batting: RHB Tamasaburo Kato 0-0: Ball
1-0: Fly out, F9 (Line Drive, 89M)
Top of the 8th over - 1 run, 2 hits, 0 errors, 2 left on base; Toledo 16 - Rocky Mountain 2
BOTTOM OF THE 8TH
Rocky Mountain Nuggets batting - Pitching for Toledo Stingers : RHP Rob Silva
Batting: RHB Ed Adams 0-0: Fly out, F7 (Flyball, 7)
Batting: RHB Wes Shannon 0-0: Ball
1-0: Called Strike
1-1: Swinging Strike
1-2: Ball
2-2: Strikes out looking
Batting: LHB Willis Baker 0-0: Foul Ball, location: 2F
0-1: Swinging Strike
0-2: Ball
1-2: Ground out U3 (Groundball, 3)
Bottom of the 8th over - 0 runs, 0 hits, 0 errors, 0 left on base; Toledo 16 - Rocky Mountain 2
TOP OF THE 9TH
Toledo Stingers batting - Pitching for Rocky Mountain Nuggets : RHP Jim Sison
Batting: RHB Mike Burns 0-0: Called Strike
0-1: Ball
1-1: Ball
2-1: Ball
3-1: Fly out, F8 (Flyball, 8RXD)
Batting: LHB Ned Durand 0-0: Swinging Strike
0-1: Ball
1-1: Foul Ball, location: 2F
1-2: Strikes out looking
Pinch Hitting: RHB Brett Callison 0-0: Called Strike
0-1: Called Strike
0-2: Ball
1-2: Foul Ball, location: 2F
1-2: Ball
2-2: Strikes out swinging
Top of the 9th over - 0 runs, 0 hits, 0 errors, 0 left on base; Toledo 16 - Rocky Mountain 2
BOTTOM OF THE 9TH
Rocky Mountain Nuggets batting - Pitching for Toledo Stingers : RHP Rob Silva
Now at C: Pedro Álvarez
Batting: RHB Paco Muñóz 0-0: Foul Ball, location: 2F
0-1: Ball
1-1: Ball
2-1: Ground out 6-3 (Groundball, 6)
Batting: LHB Dong-jin Kim 0-0: Swinging Strike
0-1: Swinging Strike
0-2: Foul Ball, location: 2F
0-2: SINGLE (Groundball, 56D)
Pitching: RHP Danny Bystrom
Batting: LHB Sisto Pagnamenta 0-0: Ball
1-0: Fly out, F9 (Flyball, 9)
Batting: RHB David McJannett 0-0: Ball
1-0: Foul Ball, location: 2F
1-1: Called Strike
1-2: Ball
2-2: Strikes out looking
Bottom of the 9th over - 0 runs, 1 hit, 0 errors, 1 left on base; Toledo 16 - Rocky Mountain 2
Tuesday, June 12th, 2018 - OOTP Baseball 18.8 Build 76